 Dungeon Crawl Stone Soup version 0.29.0-4-gdea44cf6ec (webtiles) character file.

Game seed: 3374109554443694006

205 qw the Ruffian (level 5, 0/41 HPs)
             Began as a Ghoul Fire Elementalist on Aug 29, 2022.
             Slain by a kobold
             ... wielding a +0 club
              (3 damage)
             ... in a sewer.
             The game lasted 00:02:35 (3629 turns).

qw the Ruffian (Ghoul Fire Elementalist)            Turns: 3629, Time: 00:02:35

Health: 0/41       AC:  6    Str: 14      XL:     5   Next: 83%
Magic:  6/6        EV: 10    Int: 10      God:
Gold:   33         SH:  0    Dex:  8 (9)  Spells: 6/7 levels left

rFire   . . .      SeeInvis .     - Unarmed
rCold   + . .      Faith    .   (no shield)
rNeg    + + +      Spirit   .   c - +0 ring mail
rPois   inf        Reflect  .   (no helmet)
rElec   .          Harm     .   (no cloak)
rCorr   .          Rampage  .   e - +0 pair of gloves
Will    .....                   (no boots)
Stlth   +.........              (no amulet)
HPRegen 0.00/turn               (no ring)
MPRegen 0.10/turn               (no ring)

@: inhibited regen
A: claws 1, cold resistance 1, negative energy resistance 3, inhibited
regeneration, torment resistance 2, devour on kill
a: no special abilities


You were in a sewer.
You visited 1 branch of the dungeon, and saw 3 of its levels.
You also visited: Sewer.

You collected 114 gold pieces.
You spent 81 gold pieces at shops.


Innate Abilities, Weirdness & Mutations

You are immune to poison.
You have sharp fingernails.
Your flesh is cold resistant. (rC+)
You are immune to negative energy. (rN+++)
You do not regenerate when monsters are visible.
You are immune to unholy pain and torment.
You thrive by killing the living.


   Skills:
 - Level 2.0 Fighting
 - Level 1.7 Dodging
 - Level 2.1 Stealth
 + Level 5.4 Unarmed Combat
 - Level 1.7 Spellcasting
 - Level 0.7 Conjurations
 - Level 2.4 Fire Magic


You had 6 spell levels left.
You knew the following spells:

 Your Spells              Type           Power      Damage    Failure   Level
a - Foxfire               Conj/Fire      16%        2x1d4     34%         1

Your spell library contained the following spells:

 Spells                   Type           Power      Damage    Failure   Level
 Scorch                   Fire           10%        2d6       36%         2
 Conjure Flame            Conj/Fire      4%         6-21      71%         3
 Inner Flame              Hex/Fire       3%         N/A       77%         3
 Flame Wave               Conj/Fire      4%         2d5       98%         4

Inventory:

Missiles
 f - 4 boomerangs (quivered)
Armour
 c - a +0 ring mail (worn)
 e - a +0 pair of gloves (worn)
Potions
 d - 2 potions of curing
 g - a potion of mutation
 h - a potion of haste {unknown}

Dungeon Overview and Level Annotations

Branches:
Dungeon (3/15)              Sewer (1/1)

Altars:
Trog

Shops:
D:2 *


Message History

The kobold brigand is lightly wounded.
The kobold hits you but does no damage.
The kobold brigand splashes around in the water.
You hit the kobold brigand.
The kobold brigand is moderately wounded.
The kobold brigand barely misses you. The kobold hits you with a +0 club.
You hit the kobold brigand.
The kobold brigand is heavily wounded.
You barely miss the kobold brigand.
The kobold brigand is heavily wounded.
The kobold hits you but does no damage.
The kobold brigand hits you with a +0 whip.
You barely miss the kobold brigand.
The kobold brigand is heavily wounded.
The kobold hits you with a +0 club.
The kobold brigand hits you with a +0 whip!
You completely miss the kobold brigand.
The kobold brigand is heavily wounded.
The kobold splashes around in the water.
The kobold brigand hits you with a +0 whip.
You barely miss the kobold brigand.
The kobold brigand is heavily wounded.
The kobold hits you but does no damage.
The kobold brigand splashes around in the water.
You closely miss the kobold brigand.
The kobold brigand is heavily wounded.
The kobold brigand splashes around in the water.
The kobold splashes around in the water.
You hit the kobold brigand.
The kobold brigand is heavily wounded.
The kobold brigand hits you with a +0 whip.
The kobold splashes around in the water.
You hit the kobold brigand.
The kobold brigand is heavily wounded.
The kobold brigand barely misses you.
The kobold splashes around in the water.
You closely miss the kobold brigand. You punch the kobold brigand.
The kobold brigand is severely wounded.
The kobold hits you with a +0 club.
You die...

## ######
#. .#.#.#
#~ ~#~#~#
#~ ~#~#~#
#K#K#~#~#
#~@~#)~~#
##~###~##
#~# #~#
#~###~#
#~~.~.#
##~~~##
#.~~#
#~~~#
#.~.## #.


You could see a kobold brigand and a kobold.

Vanquished Creatures
  A kobold brigand (Sewer)
  Jessica (D:2)
  4 adders
  A river rat (Sewer)
  4 dart slugs
  An orc (D:3)
  4 endoplasms
  5 giant cockroaches
  7 goblins
  6 hobgoblins
  3 quokkas (D:1)
  2 ball pythons
  3 bats (D:2)
  3 frilled lizards
  5 kobolds
  8 rats
58 creatures vanquished.

Notes
Turn   | Place    | Note
-------+----------+-------------------------------------------
     0 | D:1      | qw the Ghoul Fire Elementalist began the quest for the Orb.
     0 | D:1      | Reached XP level 1. HP: 14/14 MP: 2/2
     0 | D:1      | 0 ||| qw: Version: 0.1-a-90-g952f4b7
     0 | D:1      | 0 ||| qw: Game counter: 4209
     0 | D:1      | 0 ||| qw: Always use a shield: true
     0 | D:1      | 0 ||| qw: God list: Okawaru
     0 | D:1      | 0 ||| qw: Allow faded altars: false
     0 | D:1      | 0 ||| qw: Do Orc after D:15 true
     0 | D:1      | 0 ||| qw: Do second Lair branch before Depths: true
     0 | D:1      | 0 ||| qw: Lair rune preference: random
     0 | D:1      | 0 ||| qw: Plans: Normal
     0 | D:1      | 0 ||| PLANNING D:1-11
   194 | D:1      | Reached skill level 1 in Unarmed Combat
   365 | D:1      | 365 ||| Stepping ~*~*~tactically~*~*~ (outnumbered).
   371 | D:1      | Reached XP level 2. HP: 10/22 MP: 3/3
   376 | D:1      | Reached skill level 1 in Fighting
   569 | D:1      | 569 ||| Stepping ~*~*~tactically~*~*~ (outnumbered).
   570 | D:1      | 570 ||| Stepping ~*~*~tactically~*~*~ (outnumbered).
   571 | D:1      | 571 ||| Stepping ~*~*~tactically~*~*~ (outnumbered).
   572 | D:1      | 572 ||| Stepping ~*~*~tactically~*~*~ (outnumbered).
   573 | D:1      | 573 ||| Stepping ~*~*~tactically~*~*~ (outnumbered).
   574 | D:1      | 574 ||| Stepping ~*~*~tactically~*~*~ (outnumbered).
   575 | D:1      | 575 ||| Stepping ~*~*~tactically~*~*~ (outnumbered).
   576 | D:1      | 576 ||| Stepping ~*~*~tactically~*~*~ (outnumbered).
   742 | D:1      | 742 ||| Stepping ~*~*~tactically~*~*~ (stealth).
   744 | D:1      | 744 ||| Stepping ~*~*~tactically~*~*~ (stealth).
   750 | D:1      | 750 ||| Stepping ~*~*~tactically~*~*~ (stealth).
   759 | D:1      | 759 ||| Stepping ~*~*~tactically~*~*~ (stealth).
  1186 | D:1      | Reached skill level 2 in Unarmed Combat
  1706 | D:1      | 1706 ||| READING scroll labelled XUPYQI AQOTTIXT.
  1707 | D:1      | 1707 ||| READING scroll labelled UNGEYXZ GUPIRCH.
  1708 | D:1      | 1708 ||| READING scroll labelled HOT VEISHIT.
  1713 | D:1      | 1713 ||| DROPPING potion of magic.
  1746 | D:2      | Noticed Jessica
  1747 | D:2      | 1747 ||| Stepping ~*~*~tactically~*~*~ (hiding).
  1860 | D:2      | Killed Jessica
  1861 | D:2      | Reached skill level 3 in Unarmed Combat
  1861 | D:2      | Reached XP level 3. HP: 20/28 MP: 4/4
  2217 | D:2      | Reached XP level 4. HP: 35/35 MP: 5/5
  2262 | D:2      | 2262 ||| Stepping ~*~*~tactically~*~*~ (stealth).
  2318 | D:2      | Reached skill level 4 in Unarmed Combat
  2355 | D:2      | Found a faded altar of an unknown god.
  2357 | D:2      | 2357 ||| Stepping ~*~*~tactically~*~*~ (stealth).
  2428 | D:2      | 2428 ||| Stepping ~*~*~tactically~*~*~ (stealth).
  2436 | D:2      | 2436 ||| Stepping ~*~*~tactically~*~*~ (stealth).
  2438 | D:2      | 2438 ||| Stepping ~*~*~tactically~*~*~ (hiding).
  2466 | D:2      | 2466 ||| Stepping ~*~*~tactically~*~*~ (stealth).
  2742 | D:2      | Found a bloodstained altar of Trog.
  2743 | D:2      | Found Woopa's Assorted Antiques.
  2751 | D:2      | 2751 ||| BUYING black potion (27 gold).
  2751 | D:2      | Bought a black potion for 27 gold pieces
  2751 | D:2      | 2751 ||| BUYING bubbling amethyst potion (27 gold).
  2751 | D:2      | Bought a bubbling amethyst potion for 27 gold pieces
  2751 | D:2      | 2751 ||| BUYING bubbling amethyst potion (27 gold).
  2751 | D:2      | Bought a bubbling amethyst potion for 27 gold pieces
  2751 | D:2      | 2751 ||| SHOPLISTING grey potion (27 gold, have 19).
  2751 | D:2      | 2751 ||| SHOPLISTING scroll labelled KESKILOGUZU (30 gold,
                  | have 19).
  2751 | D:2      | 2751 ||| SHOPLISTING scroll labelled LOXZOU NUAKAN (30
                  | gold, have 19).
  2751 | D:2      | 2751 ||| SHOPLISTING scroll labelled WIPTIN KADE (30 gold,
                  | have 19).
  2751 | D:2      | 2751 ||| SHOPLISTING scroll labelled XITEECOKIO (30 gold,
                  | have 19).
  2751 | D:2      | 2751 ||| SHOPLISTING twisted peridot ring (150 gold, have
                  | 19).
  3063 | D:2      | 3063 ||| UPGRADING to +0 ring mail.
  3073 | D:2      | 3073 ||| DROPPING +0 robe.
  3074 | D:2      | 3074 ||| UPGRADING to +0 pair of gloves.
  3079 | D:2      | 3079 ||| READING scroll labelled LOXZOU NUAKAN.
  3080 | D:2      | 3080 ||| READING scroll labelled JIMUEN UNIRO.
  3081 | D:2      | 3081 ||| DRINKING 3 bubbling amethyst potions.
  3082 | D:2      | 3082 ||| DRINKING 2 sedimented green potions.
  3111 | D:3      | 3111 ||| PLANNING SEWER
  3191 | D:3      | Reached XP level 5. HP: 41/41 MP: 6/6
  3274 | D:3      | Found a glowing drain.
  3276 | D:3      | 3276 ||| READING scroll labelled VYCEIS NAUHIDA.
  3285 | D:3      | 3285 ||| Stepping ~*~*~tactically~*~*~ (water).
  3314 | Sewer    | Entered a sewer
  3337 | Sewer    | Noticed a kobold brigand
  3370 | Sewer    | HP: 10/41 [kobold brigand/+0 short sword (1)]
  3382 | Sewer    | Killed a kobold brigand
  3383 | Sewer    | Reached skill level 5 in Unarmed Combat
  3607 | Sewer    | Noticed a kobold brigand
  3624 | Sewer    | HP: 7/41 [kobold brigand/+0 whip (4)]
  3627 | Sewer    | HP: 3/41 [kobold brigand/+0 whip (4)]
  3629 | Sewer    | Slain by a kobold

Levels and vault maps discovered:
D:1:      saegor_arrival_simple_c, layout_basic, nicolae_figureground_sparkle
D:2:      layout_loops_corners, serial_shops, shop_statue,
          shapermc_ecumenical_altar_venn, basic_altar, roderic_serpentine_path,
          supply_closet_lemuel, uniq_jessica
D:3:      layout_basic, gammafunk_temple_overflow_elements,
          amethyst_overflow_temple_binary, cheibrodos_sewer_entry_drain
Sewer:    sewer_co_tree

Skill      XL: |  1  2  3  4  5 |
---------------+----------------+-----
Unarmed Combat | 1 3 4 5 |  5.4
Fighting       | 1 2 |  2.0
Dodging        | |  1.7
Stealth        | |  2.1
Spellcasting   | |  1.7
Conjurations   | |  0.7
Fire Magic     | |  2.4

Action                   |  1- 3 |  4- 6 || total
-------------------------+-------+-------++-------
Melee: Unarmed           |   132 |   140 ||   272
       Punch             |     2 |     4 ||     6
Throw: Boomerang         |       |    30 ||    30
  Use: Scroll            |     3 |     3 ||     6
       Potion            |       |     2 ||     2
 Stab: Sleeping          |       |     1 ||     1
Armor: Robe              |    15 |    12 ||    27
       Ring mail         |       |    25 ||    25
Dodge: Dodged            |    61 |    55 ||   116

Table legend:
 A = Non-vault XP
 B = Vault XP
 C = Vault XP percentage of total XP
 D = Non-vault monster count
 E = Vault monster count
 F = Vault count percentage of total count
                 A         B        C        D         E       F
            +---------+---------+-------+---------+---------+-------
      Total |     138 |     156 |  53.1 |      52 |       6 |  10.3
            +---------+---------+-------+---------+---------+-------
        D:1 |      32 |       0 |   0.0 |      20 |       0 |   0.0
        D:2 |      82 |      37 |  31.1 |      27 |       1 |   3.6
        D:3 |      24 |       6 |  20.0 |       5 |       3 |  37.5
      Sewer |       0 |     113 | 100.0 |       0 |       2 | 100.0
            +---------+---------+-------+---------+---------+-------
